 Dungeon Crawl Stone Soup version 0.24.0-13-gcf9b319 (webtiles) character file.

Game seed: 5918722255505732645, levelgen mode: deterministic

20 Dharzhak the Shooter (level 2, 23/23 HPs)
             Began as a Centaur Arcane Marksman on Jan 19, 2020.
             Quit the game on level 1 of the Dungeon.
             The game lasted 00:02:45 (490 turns).

Dharzhak the Shooter (Centaur Arcane Marksman)       Turns: 490, Time: 00:02:45

Health: 23/23      AC:  4    Str: 12    XL:     2   Next: 58%
Magic:  1/3        EV: 10    Int: 12    God:
Gold:   35         SH:  0    Dex:  9    Spells: 2/3 levels left

rFire    . . .     SeeInvis .   a - +0 shortbow
rCold    . . .     Gourm    .   (shield currently unavailable)
rNeg     . . .     Faith    .   e - +0 robe
rPois    .         Spirit   .   (no helmet)
rElec    .         Reflect  .   (no cloak)
rCorr    .         Harm     .   (no gloves)
MR       .....                  (no barding)
Stlth    +.........             (no amulet)
HPRegen  0.07/turn              (no ring)
MPRegen  0.08/turn              (no ring)

@: very quick
A: large, hooves 3, deformed body, speed 2, tough skin 3
a: no special abilities


You were on level 1 of the Dungeon.
You were not hungry.

You visited 1 branch of the dungeon, and saw 1 of its levels.

You collected 35 gold pieces.

Inventory:

Hand Weapons
 a - a +0 shortbow (weapon)
Missiles
 d - 9 arrows (quivered)
Armour
 e - a +0 robe (worn)
Jewellery
 b - a +3 ring of strength {unknown}
Scrolls
 c - a scroll of fear {unknown}
 h - a scroll of identify {unknown}
Potions
 g - a potion of heal wounds {unknown}
Comestibles
 f - 3 rations


   Skills:
 + Level 1.1 Fighting
 * Level 3.7 Bows
 + Level 1.4 Dodging
 + Level 1.0 Spellcasting
 * Level 3.0 Hexes


You had 2 spell levels left.
You knew the following spells:

 Your Spells              Type           Power        Failure   Level  Hunger
a - Corona                Hex            #......      9%          1    ##.....

Your spell library contained the following spells:

 Spells                   Type           Power        Failure   Level  Hunger
 Slow                     Hex            #.......     13%         2    ###....
 Inner Flame              Hex/Fire       #.......     43%         3    ####...
 Portal Projectile        Hex/Tloc       #.....       43%         3    ####...
 Cause Fear               Hex            #.........   65%         4    #####..
 Leda's Liquefaction      Hex/Erth       #.........   85%         4    #####..


Dungeon Overview and Level Annotations

Branches:
Dungeon (1/15)

Altars:


Innate Abilities, Weirdness & Mutations

You have hooves in place of feet.
Armour fits poorly on your strangely shaped body.
You cover ground very quickly.
You have extremely tough skin. (AC +3)


Message History

Press: ? - help, Shift-Dir - straight line, f/p - hobgoblin
Aim: a hobgoblin (chance to defeat MR: 59%)
The hobgoblin is outlined in light.
Firing (i - inventory)
d - 12 arrows (quivered)
Press: ? - help, Shift-Dir - straight line, f/p - hobgoblin
Aim: a hobgoblin (softly glowing)
You shoot an arrow. The arrow barely misses the hobgoblin.
The hobgoblin hits you but does no damage.
Firing (i - inventory)
d - 11 arrows (quivered)
Press: ? - help, Shift-Dir - straight line, f/p - hobgoblin
Aim: a hobgoblin (softly glowing)
You shoot an arrow.
The arrow hits the hobgoblin but does no damage.
The hobgoblin barely misses you.
Firing (i - inventory)
d - 10 arrows (quivered)
Press: ? - help, Shift-Dir - straight line, f/p - hobgoblin
Aim: a hobgoblin (softly glowing)
You shoot an arrow. The arrow hits the hobgoblin!
You kill the hobgoblin!
Are you sure you want to abandon this character and quit the game? (Confirm with "yes".)

#....................#
#.##.>#######..####.##
.....## #...## ...
......### #.### ##.
..###...###.# ..#
###..##.##### ###
##........##
##.#####..# #.# ##@#
##.# #.(...# ##..#
#####..# #..## ..
#######.## .......).#
....####.########
....####.........
....##...........


There were no monsters in sight!

Vanquished Creatures
  An ooze (D:1)
  3 hobgoblins (D:1)
  4 jackals (D:1)
  A kobold (D:1)
  2 bats (D:1)
  A goblin (D:1)
  2 rats (D:1)
14 creatures vanquished.

Notes
Turn   | Place    | Note
-------+----------+-------------------------------------------
     0 | D:1      | Dharzhak the Centaur Arcane Marksman began the quest for
                  | the Orb.
     0 | D:1      | Reached XP level 1. HP: 16/16 MP: 2/2
   129 | D:1      | Reached XP level 2. HP: 10/23 MP: 3/3
   490 | D:1      | Quit the game

Levels and vault maps discovered:
D:1:      dpeg_arrival_orchard, layout_rooms, nrook_loot_triangle

Skill      XL: |  1  2 |
---------------+-------+-----
Bows           | 3 |  3.7
Hexes          | 3 |  3.0
Fighting       | |  1.1
Dodging        | |  1.4
Spellcasting   | |  1.0

Action                   || total
-------------------------++-------
 Fire: Shortbow          ||    43
 Cast: Corona            ||     6
Armor: Robe              ||    14
Dodge: Dodged            ||    25
